 Dungeon Crawl Stone Soup version 0.19.1 (webtiles) character file.

867 Jerry the Slasher (level 7, -5/57 HPs)
             Began as a Minotaur Berserker on Dec 25, 2016.
             Was a Priest of Trog.
             Slain by an orc warrior
             ... wielding a +0 battleaxe
              (15 damage)
             ... on level 6 of the Dungeon.
             The game lasted 00:08:09 (4367 turns).

Jerry the Slasher (Minotaur Berserker)              Turns: 4367, Time: 00:08:12

Health: -5/57      AC:  9    Str: 22    XL:     7   Next: 73%
Magic:  6/6        EV: 12    Int:  5    God:    Trog [***...]
Gold:   223        SH:  0    Dex: 10    Spells: 0 memorised, 6 levels left

rFire  . . .     SeeInvis .     E - +4 arc blade {discharge, rElec}
rCold  . . .     Gourm    .     y - +0 scale mail
rNeg   . . .     Faith    .     (no shield)
rPois  .         Spirit   .     (helmet restricted)
rElec  +         Reflect  .     K - +0 cloak
rCorr  .         Harm     .     (no gloves)
MR     ++...                    (no boots)
Stlth  ..........               (no amulet)
                                (no ring)
                                g - ring of loudness (curse)

@: regenerating
A: retaliatory headbutt, horns 2
a: Berserk, Trog's Hand, Burn Spellbooks, Renounce Religion


You were on level 6 of the Dungeon.
You worshipped Trog.
Trog was most pleased with you.
You were not hungry.

You visited 1 branch of the dungeon, and saw 6 of its levels.

You collected 223 gold pieces.

Inventory:

Hand Weapons
 a - a +0 falchion
 E - the +4 arc blade (weapon) {discharge, rElec}
   (You found it on level 4 of the Dungeon)

   It insulates you from electricity.
Missiles
 p - a throwing net (quivered)
Armour
 b - a +0 animal skin
 y - a +0 scale mail (worn)
 G - a +0 buckler
 K - a +0 cloak (worn)
Jewellery
 g - a cursed ring of loudness (left hand)
Wands
 J - a wand of enslavement (9/24)
 L - a wand of confusion (15/48)
Scrolls
 d - a scroll of enchant weapon {unknown}
 e - a scroll of random uselessness {unknown}
 h - 7 scrolls of identify {unknown}
 i - 4 scrolls of noise {unknown}
 j - a scroll of magic mapping {unknown}
 q - 2 scrolls of teleportation {unknown}
 s - 3 scrolls of recharging {unknown}
 t - 2 scrolls of blinking {unknown}
 u - 6 scrolls of remove curse {unknown}
 x - 4 scrolls of amnesia {unknown}
 A - a scroll of immolation {unknown}
 B - a scroll of enchant armour {unknown}
Potions
 m - a potion of cancellation {unknown}
 n - a potion of lignification {unknown}
 o - 2 potions of flight {unknown}
 r - a potion of might {unknown}
 v - 6 potions of curing {unknown}
 z - 4 potions of agility {unknown}
 C - a potion of beneficial mutation {unknown}
 D - a potion of invisibility {unknown}
 F - 2 potions of degeneration {unknown}
 H - a potion of ambrosia {unknown}
Comestibles
 c - 4 bread rations
 f - 5 beef jerkies
 k - a slice of pizza
 l - 7 fruits
 w - 4 meat rations
 I - 3 chunks of flesh


   Skills:
 - Level 3.6 Fighting
 + Level 7.1 Long Blades
 + Level 6.4 Armour
 + Level 5.9 Dodging


You had 6 spell levels left.
You didn't know any spells.

Dungeon Overview and Level Annotations

Branches:
Dungeon (6/15)             Temple (0/1) D:5

Altars:


Innate Abilities, Weirdness & Mutations

You reflexively headbutt those who attack you in melee.
You have a pair of horns on your head.


Message History

Something hits you but does no damage. The orc wizard barely misses you.
You hit the orc wizard. You headbutt the orc wizard!
The orc wizard is almost dead.
The orc warrior hits you with a battleaxe.
Something hits you but does no damage.
The orc wizard gestures at you while chanting.
The magic dart hits you!
You barely miss the orc wizard.
The orc wizard is almost dead.
Something hits you but does no damage.
The orc warrior hits you with a battleaxe!
The orc wizard barely misses you.
You hit the orc wizard.
The orc wizard is almost dead.
You hear some strange, mumbled words.
Something tries to affect you, but you resist.
The orc warrior hits you from afar with a glaive!
* * * LOW HITPOINT WARNING * * *
The orc warrior hits you with a battleaxe!
You die...

.........# .........#
#.> ......<..# #..
...#.#.#.# #. #.#
<..#.#.#.# #. #.#
...#...#.# #. #.##
##.#.###.# #.###o.#
#.#.. # #...)o.# #
#.#.#####.#.###@)#...#
#.# ..........{o.#
##.# ##.....#)### .#.#
#####.#.# .#.# #.#..
.#.# #.#... .#.#
#.#.... <#.# #.#...#.
.#.# #.#......


You could see 2 orc warriors and an orc wizard.

Vanquished Creatures
  An orc warrior (D:6)
  A black bear (D:6)
  2 ogres (D:5)
  A centaur (D:5)
  The ghost of ImaNewbie the Magician, a weakling HEWz (D:3)
  A crimson imp (D:5)
  2 hounds (D:4)
  Terence (D:2)
  An iguana (D:5)
  An orc wizard (D:6)
  A worker ant (D:5)
  A gnoll (D:1)
  7 adders
  A shadow imp (D:6)
  An ooze (D:3)
  3 worms (D:2)
  5 leopard geckos
  12 orcs
  5 giant cockroaches
  15 goblins
  5 hobgoblins
  3 jackals (D:1)
  2 quokkas
  2 ball pythons
  9 bats
  4 frilled lizards
  A jackal skeleton (D:3)
  10 kobolds
  4 rats
103 creatures vanquished.

Vanquished Creatures (others)
  5 toadstools (D:1)
5 creatures vanquished.

Grand Total: 108 creatures vanquished

Notes
Turn   | Place    | Note
-------+----------+-------------------------------------------
     0 | D:1      | Jerry the Minotaur Berserker began the quest for the Orb.
     0 | D:1      | Reached XP level 1. HP: 19/19 MP: 0/0
   115 | D:1      | Reached XP level 2. HP: 9/26 MP: 1/1
   171 | D:1      | Reached skill level 4 in Long Blades
   502 | D:1      | Reached XP level 3. HP: 29/31 MP: 2/2
  1005 | D:2      | Noticed Terence
  1008 | D:2      | Killed Terence
  1008 | D:2      | Reached XP level 4. HP: 39/39 MP: 3/3
  1237 | D:2      | Reached ** piety under Trog
  1345 | D:2      | Found a faded altar of an unknown god.
  1800 | D:3      | Reached skill level 5 in Long Blades
  1926 | D:3      | Reached XP level 5. HP: 45/45 MP: 4/4
  1940 | D:3      | Noticed ImaNewbie's ghost (weakling HEWz)
  1951 | D:3      | Killed ImaNewbie's ghost
  2946 | D:4      | Reached *** piety under Trog
  2946 | D:4      | Reached XP level 6. HP: 48/51 MP: 5/5
  3199 | D:5      | Entered Level 5 of the Dungeon
  3207 | D:5      | Reached skill level 6 in Long Blades
  3209 | D:5      | Reached skill level 5 in Armour
  3438 | D:5      | Reached skill level 5 in Dodging
  3507 | D:5      | Reached XP level 7. HP: 33/57 MP: 6/6
  3867 | D:5      | Found a staircase to the Ecumenical Temple.
  4356 | D:6      | Reached skill level 7 in Long Blades
  4367 | D:6      | Slain by an orc warrior

Skill      XL: |  1  2  3  4  5  6  7 |
---------------+----------------------+-----
Long Blades    | 4 5 6 7 |  7.1
Armour         | 3 4 5 6 |  6.4
Dodging        | 3 4 5 |  5.9
Fighting       | |  3.6

Action                   |  1- 3 |  4- 6 |  7- 9 || total
-------------------------+-------+-------+-------++-------
Melee: Falchion          |    64 |    67 |       ||   131
       Headbutt          |    12 |    24 |     7 ||    43
       Rapier            |       |    38 |    31 ||    69
Invok: Berserk           |     1 |     3 |       ||     4
       Trog's Hand       |       |       |     1 ||     1
  Eat: Chunk             |       |    12 |     3 ||    15
Armor: Animal skin       |    15 |     3 |       ||    18
       Scale mail        |       |    26 |    12 ||    38
Dodge: Dodged            |    55 |    62 |    18 ||   135
       Rpst.: Falchion   |    11 |    13 |       ||    24
